 Dungeon Crawl Stone Soup version 0.19.1-1-g22dce08 (webtiles) character file.

359 ZelenKor the Chopper (level 6, 0/48 HPs)
             Began as a Demonspawn Fighter on Jan 6, 2017.
             Slain by an ogre
             ... wielding a +0 giant club
              (13 damage)
             ... on level 4 of the Dungeon.
             The game lasted 00:06:01 (2375 turns).

ZelenKor the Chopper (Demonspawn Fighter)           Turns: 2375, Time: 00:06:02

Health: 0/48       AC: 10    Str: 18    XL:     6   Next: 37%
Magic:  6/6        EV:  8    Int: 10    God:
Gold:   106        SH:  9    Dex: 12    Spells: 0 memorised, 5 levels left

rFire  . . .     SeeInvis .     a - +0 war axe
rCold  . . .     Gourm    .     b - +0 scale mail
rNeg   . . .     Faith    .     c - +0 shield
rPois  .         Spirit   .     j - +2 helmet
rElec  .         Reflect  .     (no cloak)
rCorr  .         Harm     .     (no gloves)
MR     +....                    (no boots)
Stlth  ..........               (no amulet)
                                (no ring)
                                B - ring of protection from magic

@: no status effects
A: powered by death 1, sturdy frame 1
a: no special abilities


You were on level 4 of the Dungeon.
You were not hungry.

You visited 1 branch of the dungeon, and saw 4 of its levels.

You collected 106 gold pieces.

Inventory:

Hand Weapons
 a - a +0 war axe (weapon)
 A - a +0 flail of protection
Armour
 b - a +0 scale mail (worn)
 c - a +0 shield (worn)
 j - a +2 helmet (worn)
Jewellery
 B - a ring of protection from magic (left hand)
Scrolls
 e - a scroll of remove curse
 l - 2 scrolls of fear {unknown}
 m - 4 scrolls of amnesia {unknown}
 o - 2 scrolls of noise {unknown}
 q - 2 scrolls of identify {unknown}
 t - a scroll of teleportation {unknown}
 u - a scroll of immolation {unknown}
 w - a scroll of fog {unknown}
 y - a scroll of blinking {unknown}
Potions
 d - 3 potions of might
 g - 2 potions of agility
 h - a potion of ambrosia {unknown}
 i - a potion of lignification {unknown}
 k - a potion of cure mutation {unknown}
 p - a potion of brilliance {unknown}
 r - 3 potions of degeneration {unknown}
 s - a potion of curing {unknown}
 x - a potion of haste {unknown}
 z - a potion of berserk rage {unknown}
Books
 n - a book of Changes

   Spells                             Type                      Level
   a - Beastly Appendage              Transmutation                1
   b - Sticks to Snakes               Transmutation                2
   c - Spider Form                    Transmutation/Poison         3
   d - Ice Form                       Ice/Transmutation            4
   e - Blade Hands                    Transmutation                5
Comestibles
 f - 2 bread rations
 v - 4 meat rations


   Skills:
 + Level 4.0 Fighting
 + Level 4.4 Axes
 + Level 3.2 Armour
 + Level 1.4 Dodging
 + Level 0.2 Stealth
 + Level 3.5 Shields


You had 5 spell levels left.
You didn't know any spells.

Dungeon Overview and Level Annotations

Branches:
Dungeon (4/15)             Temple (0/1) D:4

Altars:
Kikubaaqudgha


Innate Abilities, Weirdness & Mutations

You regenerate a little health from kills.
Your movements are slightly less encumbered by armour. (ER -2)


Message History

You are too injured to fight recklessly!
You are too injured to fight recklessly!
You are too injured to fight recklessly!
You are too injured to fight recklessly!
You are too injured to fight recklessly!
You are too injured to fight recklessly!
You are too injured to fight recklessly!
You are too injured to fight recklessly!
You are too injured to fight recklessly!
You are too injured to fight recklessly!
You are too injured to fight recklessly!
You are too injured to fight recklessly!
The ogre hits you but does no damage.
You barely miss the ogre.
The ogre is heavily wounded.
You block the ogre's attack.
You slash the ogre!
The ogre is severely wounded.
The ogre hits you with a giant club!
You die...

.........#......#...'...##+##....
.........#......##+###'##........
.........#.......................
.........#.......................
###..###'#.......................
..####...........................
..#.>'....##'#############.......
..'..#....#.†........# #.......
..####....#.....@....# +.......
..........######O...## #.......
..........# #....# ..........#
.....>.. ....####### .....?...
#..## ##.....##. #..# #.....#
#..# ....... #..#


You could see an ogre.

Vanquished Creatures
  An ogre (D:4)
  An orc wizard (D:3)
  Jessica (D:2)
  14 adders
  A worm (D:3)
  3 dart slugs
  8 orcs (D:3)
  5 ball pythons (D:3)
  5 giant cockroaches
  9 goblins
  7 hobgoblins
  11 jackals
  3 bats (D:1)
  4 frilled lizards
  6 kobolds
  5 rats
84 creatures vanquished.

Notes
Turn   | Place    | Note
-------+----------+-------------------------------------------
     0 | D:1      | ZelenKor the Demonspawn Fighter began the quest for the Orb.
     0 | D:1      | Reached XP level 1. HP: 18/18 MP: 1/1
   180 | D:1      | Gained mutation: Your movements are slightly less encumbered by armour. (ER -2) [demonic ancestry]
   180 | D:1      | Reached XP level 2. HP: 24/24 MP: 2/2
   493 | D:2      | Reached XP level 3. HP: 24/29 MP: 3/3
   530 | D:2      | Noticed Jessica
   551 | D:2      | Killed Jessica
   748 | D:2      | Reached XP level 4. HP: 37/37 MP: 4/4
  1306 | D:3      | Reached skill level 1 in Dodging
  1392 | D:3      | Gained mutation: You regenerate a little health from kills. [demonic ancestry]
  1392 | D:3      | Reached XP level 5. HP: 40/42 MP: 5/5
  1871 | D:4      | Noticed an ogre
  1888 | D:4      | Killed an ogre
  1888 | D:4      | Reached XP level 6. HP: 12/48 MP: 6/6
  2148 | D:4      | Found an ancient bone altar of Kikubaaqudgha.
  2365 | D:4      | Found a staircase to the Ecumenical Temple.
  2375 | D:4      | Slain by an ogre

Skill      XL: |  1  2  3  4  5 |
---------------+----------------+-----
Axes           | 2 3 4 |  4.4
Shields        | 3 |  3.5
Armour         | 3 |  3.2
Dodging        | 1 |  1.4
Fighting       | 4 |  4.0
Stealth        | |  0.2

Action                   |  1- 3 |  4- 6 || total
-------------------------+-------+-------++-------
Melee: War axe           |   110 |   182 ||   292
  Use: Scroll            |       |     1 ||     1
       Potion            |       |     1 ||     1
  Eat: Bread ration      |       |     2 ||     2
Armor: Scale mail        |    73 |    66 ||   139
Dodge: Dodged            |    31 |    78 ||   109
Block: Shield            |    56 |    98 ||   154
